 Dungeon Crawl Stone Soup version 0.29-a0-1016-g236c7fd91e (webtiles) character file.

Game seed: 13058841372370901899

3732 leavemydog the Thaumaturge (level 9, -1/45 HPs)
             Began as a Deep Elf Conjurer on Aug 9, 2022.
             Was a Follower of Vehumet.
             Hit by a javelin thrown by a centaur (10 damage)
             ... in a bailey.
             The game lasted 00:14:45 (9910 turns).

leavemydog the Thaumaturge (Deep Elf Conjurer)      Turns: 9910, Time: 00:14:45

Health: -1/45      AC:  5    Str:  4    XL:     9   Next: 92%
Magic:  23/26      EV: 13    Int: 28    God:    Vehumet [*.....]
Gold:   438        SH:  0    Dex: 17    Spells: 16/30 levels left

rFire   . . .      SeeInvis .   r - +0 dagger (vamp)
rCold   . . .      Faith    .   (no shield)
rNeg    + . .      Spirit   .   D - +2 robe {Will+}
rPois   .          Reflect  .   k - +0 helmet of Polish {Rampage rN+ Dex+4}
rElec   .          Harm     .   s - scarf {repulsion}
rCorr   .          Rampage  +   (no gloves)
Will    +....                   (no boots)
Stlth   ++........              w - amulet of magic regeneration
HPRegen 0.15/turn               (no ring)
MPRegen 0.60/turn               (no ring)

@: repel missiles
A: no striking features
a: Renounce Religion


You were in a bailey.
You worshipped Vehumet.
Vehumet was aware of your devotion.
You visited 2 branches of the dungeon, and saw 9 of its levels.
You also visited: Bailey.

You collected 438 gold pieces.

Inventory:

Hand Weapons
 r - a +0 vampiric dagger (weapon)
Missiles
 c - a throwing net
Armour
 k - the +0 helmet of Polish (worn) {Rampage rN+ Dex+4}
   (You found it on level 2 of the Dungeon)

   Dex:       It affects your dexterity (+4).
   rN:        It protects you from negative energy.
   Rampage:   It bestows one free step when moving towards enemies.
 s - a scarf of repulsion (worn)
 D - a +2 robe of willpower (worn)
Jewellery
 n - the ring "Cuficyce" {Fire rElec}
   (You found it on level 3 of the Dungeon)

   [ring of fire]

   It enhances your fire magic.
   rF:        It protects you from fire.
   rC:        It makes you vulnerable to cold.
   rElec:     It insulates you from electricity.
 w - an amulet of magic regeneration (around neck)
Wands
 x - a wand of charming (10)
 y - a wand of roots (8)
Scrolls
 g - a scroll of vulnerability
 h - 2 scrolls of amnesia
 l - 3 scrolls of teleportation
 o - a scroll of poison {unknown}
 q - a scroll of fear {unknown}
 u - 2 scrolls of butterflies {unknown}
Potions
 b - 2 potions of magic
 d - 2 potions of invisibility
 f - 3 potions of heal wounds
 i - a potion of brilliance
 j - 4 potions of ambrosia
 m - a potion of attraction {unknown}
 p - 2 potions of degeneration {unknown}
 t - a potion of cancellation {unknown}
 v - a potion of might {unknown}
 z - a potion of lignification {unknown}
 A - 4 potions of curing
 C - 2 potions of mutation


   Skills:
 - Level 2.4 Dodging
 - Level 2.4 Stealth
 + Level 11.2 Spellcasting
 + Level 11.1 Conjurations
 * Level 5.0 Hexes
 - Level 6.0 Translocations


You had 16 spell levels left.
You knew the following spells:

 Your Spells              Type           Power      Damage    Failure   Level
a - Magic Dart            Conj           100%       1d8       1%          1
b - Searing Ray           Conj           100%       2d8       1%          2
c - Iskenderun's Mystic   Conj/Tloc      59%        2d12      1%          4
d - Fulminant Prism       Conj/Hex       28%        3d14      1%          4
e - Dazzling Flash        Conj/Hex       100%       N/A       1%          3

Your spell library contained the following spells:

 Spells                   Type           Power      Damage    Failure   Level
 Freeze                   Ice            60%        1d8       3%          1
 Foxfire                  Conj/Fire      100%       2x1d9     1%          1
 Conjure Flame            Conj/Fire      46%        6-21      1%          3
 Inner Flame              Hex/Fire       29%        N/A       3%          3
 Summon Guardian Golem    Hex/Summ       29%        N/A       3%          3
 Flame Wave               Conj/Fire      46%        2d12      3%          4
 Cause Fear               Hex            21%        N/A       4%          4
 Orb of Destruction       Conj           33%        9d10      30%         7
 Spellforged Servitor     Conj/Summ      23%        N/A       97%         7
 Discord                  Hex            21%        N/A       100%        8


Dungeon Overview and Level Annotations

Branches:
Dungeon (8/15)             Temple (1/1) D:5          Bailey (1/1)
   Lair: D:8-11

Altars:
Ashenzari
Cheibriados
Dithmenos
Elyvilon
Fedhas
Gozag
Hepliaklqana
Kikubaaqudgha
Makhleb
Nemelex Xobeh
Okawaru
Qazlal
Ru
Sif Muna
Trog
Uskayaw
Vehumet
Wu Jian
Xom
Yredelemnul
Zin
The Shining One

Annotations:
D:7 1 runed translucent door


Message History

Confirm with . or Enter, or press ? or * to list all spells.
Aiming: Fulminant Prism (dangerous; 1% risk of failure)
Press: ? - help, Dir - move target You conjure a prism of explosive energy!
The orc shouts!
A fulminant prism comes into view.
The centaur throws a javelin.
The javelin closely misses you.
You hear a loud crackle.
You hear an explosion!
Vehumet accepts your kill.
You feel a bit more experienced. Vehumet accepts your kill.
You feel a bit more experienced. Vehumet accepts your kill.
You feel a bit more experienced.
You hear a shout! x4
Your Hexes skill increases to level 5!
The centaur throws a javelin.
The javelin closely misses you.
Casting: Fulminant Prism (dangerous; 1% risk of failure)
Confirm with . or Enter, or press ? or * to list all spells.
Aiming: Searing Ray (safe; 1% risk of failure)
Press: ? - help, Shift-Dir - straight line, f - centaur
Aim: a centaur, wielding a +0 halberd, wearing a +0 ring mail and quivering javelins (92% to hit)
The searing ray hits the centaur.
The centaur is lightly wounded. (Press . to maintain the ray.)
The centaur throws a javelin.
The javelin pierces through you!
The centaur throws a javelin.
The javelin pierces through you!
The searing ray hits the centaur but does no damage.
The centaur is lightly wounded.
The searing ray hits the centaur but does no damage.
The centaur is lightly wounded.
The centaur throws a javelin.
The javelin barely misses you.
The centaur hits you from afar with a +0 halberd!
* * * LOW HITPOINT WARNING * * *
The searing ray hits the centaur.
The centaur is moderately wounded.
You finish channelling your searing ray.
The centaur throws a javelin.
The javelin pierces through you!
You die...

########## ≈≈≈≈≈≈≈≈≈##
oo.*......##
..oc......$#
##########'####
#####.....@.c....≈#
##...)≈≈≈≈≈≈≈≈≈...≈#
#.⌠.≈≈≈.......≈≈..≈##
#..≈≈.)≈≈≈≈≈≈≈....≈≈##
#.≈≈.≈≈≈.....≈≈≈...≈≈##
##.≈.≈≈..≈≈≈≈≈..≈≈..⌠≈≈#
#.≈≈)≈.≈≈≈...≈≈≈.≈≈..≈≈#
#.≈.≈≈)≈..⌠.⌠..≈≈.≈...≈#
#.≈....≈..∩∩∩.....≈)..≈#


You could see a centaur.

Vanquished Creatures
  Pikel (D:7)
  Joseph (D:8)
  2 wyverns (D:7)
  3 orc warriors
  3 sky beasts
  2 ice beasts
  An ogre (D:5)
  3 centaurs
  A lemure (D:7)
  3 phantoms
  2 bullfrogs
  A necrophage (D:5)
  2 scorpions (D:5)
  A gnoll sergeant (D:7)
  7 killer bees
  A howler monkey (D:6)
  A jelly (D:7)
  6 orc priests
  A hound (D:4)
  Crazy Yiuf (D:7)
  3 iguanas
  3 orc wizards
  4 adders
  7 gnolls
  A shadow imp (D:7)
  2 white imps
  2 ufetubi
  2 dart slugs
  25 orcs
  5 endoplasms
  5 giant cockroaches
  9 goblins
  6 hobgoblins
  2 quokkas
  6 ball pythons
  2 bats (D:1)
  2 frilled lizards
  A kobold (D:3)
  4 rats
134 creatures vanquished.

Vanquished Creatures (others)
  An orc wizard (D:8)
  5 fulminant prisms
6 creatures vanquished.

Grand Total: 140 creatures vanquished

Notes
Turn   | Place    | Note
-------+----------+-------------------------------------------
     0 | D:1      | leavemydog the Deep Elf Conjurer began the quest for the
                  | Orb.
     0 | D:1      | Reached XP level 1. HP: 10/10 MP: 6/6
   263 | D:1      | Reached XP level 2. HP: 15/15 MP: 4/8
   269 | D:1      | Learned a level 2 spell: Searing Ray
   375 | D:1      | Reached skill level 5 in Conjurations
   638 | D:1      | Found a faded altar of an unknown god.
  1243 | D:2      | Identified the +0 helmet of Polish {Rampage rN+ Dex+4}
  1385 | D:2      | Reached XP level 3. HP: 19/19 MP: 7/9
  1699 | D:3      | Reached XP level 4. HP: 6/24 MP: 3/11
  1920 | D:3      | Learned a level 4 spell: Iskenderun's Mystic Blast
  2403 | D:3      | Identified the ring "Cuficyce" {Fire rElec}
  2673 | D:3      | Reached skill level 1 in Translocations
  2684 | D:3      | HP: 1/24 [something/magic dart (2)]
  2699 | D:3      | Reached XP level 5. HP: 18/28 MP: 1/13
  3833 | D:4      | Noticed a phantom
  3841 | D:4      | Killed a phantom
  3842 | D:4      | Reached XP level 6. HP: 29/32 MP: 6/14
  4921 | D:5      | Entered Level 5 of the Dungeon
  5046 | D:5      | Noticed an ice beast
  5059 | D:5      | Killed an ice beast
  5060 | D:5      | Reached skill level 5 in Spellcasting
  5440 | D:5      | Reached XP level 7. HP: 26/36 MP: 11/17
  5779 | D:5      | Found a staircase to the Ecumenical Temple.
  5791 | Temple   | Entered the Ecumenical Temple
  5907 | Temple   | Became a worshipper of Vehumet
  6694 | D:6      | Reached XP level 8. HP: 12/41 MP: 5/20
  7378 | D:6      | Found a hazy altar of Hepliaklqana.
  7378 | D:6      | Found an iron altar of Okawaru.
  8157 | D:7      | Reached skill level 5 in Translocations
  8187 | D:7      | Learned a level 4 spell: Fulminant Prism
  8225 | D:7      | Reached skill level 1 in Hexes
  8360 | D:7      | Found a runed translucent door.
  8360 | D:7      | Noticed a sixfirhy
  8387 | D:7      | Reached XP level 9. HP: 45/45 MP: 21/24
  8410 | D:7      | Noticed Pikel
  8420 | D:7      | Killed Pikel
  8421 | D:7      | Reached skill level 10 in Conjurations
  8680 | D:7      | Reached skill level 10 in Spellcasting
  8787 | D:7      | Reached * piety under Vehumet
  8787 | D:7      | Offered knowledge of Freeze by Vehumet.
  9188 | D:7      | Found a runed translucent door.
  9189 | D:7      | Noticed Crazy Yiuf
  9312 | D:7      | Killed Crazy Yiuf
  9541 | D:8      | Learned a level 3 spell: Dazzling Flash
  9555 | D:8      | Noticed Joseph
  9566 | D:8      | Killed Joseph
  9605 | D:8      | Found a flagged portal.
  9615 | Bailey   | Entered a bailey
  9904 | Bailey   | Reached skill level 5 in Hexes
  9910 | Bailey   | Hit by a javelin thrown by a centaur

Illustrated notes

Levels and vault maps discovered:
D:1:      lemuel_arrival_rhombus, layout_loops_ring,
          dreamdust_ecumenical_altar_angels_and_demons,
          roderic_cross_of_infinity, corexii_corridor_pit
D:2:      layout_loops_ring
D:3:      layout_basic
D:4:      layout_layer_cave, kennysheep_generic_room_13
D:5:      layout_gridville, minmay_temple_entry_junction_2
D:6:      layout_rooms, chequers_temple_overflow_statue_of_worship
D:7:      cheibrodos_shockbox, layout_gridville, uniq_crazy_yiuf_cottage,
          uniq_pikel
D:8:      layout_layer_cave, enter_bailey_2, uniq_joseph
Temple:   mainiacjoe_temple_big_plus
Bailey:   bailey_polearm_flooded_kennysheep, bailey

Skill      XL: |  1  2  3  4  5  6  7  8  9 |
---------------+----------------------------+-----
Conjurations   | 5 6 7 8 9 11 | 11.1
Spellcasting   | 4 5 7 9 11 | 11.2
Translocations | 1 2 4 5 6 |  6.0
Hexes          | 1 5 |  5.0
Dodging        | |  2.4
Stealth        | |  2.4

Action                   |  1- 3 |  4- 6 |  7- 9 || total
-------------------------+-------+-------+-------++-------
Melee: Unarmed           |       |     7 |       ||     7
 Cast: Magic Dart        |    46 |    74 |   177 ||   297
       Searing Ray       |     1 |     7 |    26 ||    34
       Iskenderun's Myst |       |     1 |    11 ||    12
       Fulminant Prism   |       |       |     5 ||     5
  Use: Potion            |       |     3 |     1 ||     4
       Scroll            |       |     4 |     4 ||     8
Armor: Robe              |       |     8 |     5 ||    13
Dodge: Dodged            |     2 |    15 |    45 ||    62

Table legend: (Time is in decaauts)
 A = Elapsed time spent in this place.
 B = Non-inter-level travel time spent in this place.
 C = Inter-level travel time spent in this place.
 D = Time resting spent in this place.
 E = Time spent auto-exploring this place.
 F = Levels seen in this place.
 G = Mean time per level.
                   A        B        C        D        E       F      G
               +--------+--------+--------+--------+--------+-----+--------+
         Total |   9908 |   9580 |    328 |   2639 |   6058 |  10 |  990.8 |
       Dungeon |   9189 |   8887 |    302 |   2538 |   5561 |   8 | 1148.6 |
        Temple |    423 |    397 |     26 |      0 |    386 |   1 |  423.0 |
        Bailey |    294 |    294 |      0 |    101 |    111 |   1 |  294.0 |
               +--------+--------+--------+--------+--------+-----+--------+

Top non-repeatable levels by time:
     D:4: 1699 daAuts
     D:5: 1692 daAuts
     D:3: 1572 daAuts
     D:7: 1413 daAuts
     D:6: 1085 daAuts
     D:1: 893 daAuts
     D:2: 754 daAuts
  Temple: 423 daAuts
  Bailey: 294 daAuts
     D:8: 78 daAuts
